AoeStats
← Malcolm Little

Arabia

507625588Analyzed
3v3 RM · 14d ago on Sep 19, 2026· 17m 59s· 6 players
Game mode
Random Map
Map size
Normal (6 player)
Population
200
Speed
Normal
Resources
Standard
Victory
Conquest
Starting age
Dark Age
Ending age
Imperial Age
RankedLock teamsTeams togetherTeam positionsShared explorationLock speedFull tech treeHidden civsTurbo modeCheats
Victory
Defeat
🇨🇱 Vietnamese · Chile
1445
+13
🇩🇴 Britons · Dominican Republic
1395
+15
1338
+17
🇦🇷 Ethiopians · Argentina
1510
-21
🇦🇷 Magyars · Argentina
1351
-14
🇲🇽 Shu · Mexico
1244
-10
ezeXD
6:54 Loom
9:31 Feudal Age
9:20 Loom
10:44 Double-Bit Axe
IA (versión en CD)
5:41 Loom
9:43 Feudal Age
15:55 Fletching
woodyshaack
6:39 Loom
9:30 Feudal Age
10:37 Double-Bit Axe
15:46 Fletching
18:20 Padded Archer Armor
yinyangwar
6:35 Loom
9:11 Feudal Age
15:35 Fletching
Malcolm Little
6:46 Loom
9:30 Feudal Age
9:57 Man-at-Arms
13:33 Fletching
16:49 Double-Bit Axe
[zWq]Ferdinand Von Lindemann
6:46 Loom
9:25 Feudal Age
10:10 Double-Bit Axe
10:05 Horse Collar
15:52 Bloodlines
Connection lost

Rejoining the realm…

Still unreachable

The connection could not be restored.

Session expired

The server has moved on; the page needs a fresh start.